Map: Blackpink LE

Players

Antares - Winner!

  • Race: Zerg Zerg
  • League: Master
  • Spawn Location: 7:00

Newsh

  • Race: Terran Terran
  • League: Master
  • Spawn Location: 1:00

VOD

Have the link to the VOD?

Description

Time

  • Played on: Jan. 29, 2018, 12:56 a.m.
  • Length: 29:17
Show
View Real Time Build Order
Export as new Build Order

Antares Zerg - Winner!

Build Orders: Hatch First, Swarm Host 

Get SALT Encoding   

  12  0:01  Drone  
  13  0:12  Overlord  
  13  0:17  Drone  
  14  0:25  Extractor  
  14  0:26  Drone  
  15  0:31  Drone  
  15  0:35  Drone  
  17  0:53  Hatchery  
  17  0:55  Drone  
  17  1:00  Extractor  
  17  1:01  Drone  
  17  1:16  Spawning Pool  
  17  1:17  Drone  
  17  1:22  Drone  
  18  1:30  Drone  
  19  1:39  Overlord  
  19  1:50  Drone  
  20  2:02  Metabolic Boost  
  20  2:03  Queen  
  20  2:05  Queen  
  20  2:07  Zergling x2  
  25  2:10  Zergling x2  
  25  2:14  Drone  
  27  2:17  Drone  
  28  2:24  Drone  
  28  2:28  Drone  
  29  2:45  Hatchery, Queen  
  30  2:51  Drone x2  
  30  2:52  Drone  
  30  2:56  Overlord  
  33  3:01  Overlord  
  33  3:06  Drone x2  
  35  3:34  Drone x3  
  35  3:35  Drone x5  
  43  3:41  Roach Warren  
  43  3:44  Drone  
  43  3:45  Drone  
  43  3:46  Overlord  
  43  4:00  Queen  
  43  4:01  Queen  
  47  4:02  Queen  
  47  4:08  Evolution Chamber  
  48  4:10  Evolution Chamber  
  48  4:14  Zergling x6  
  48  4:15  Zergling x6  
  53  4:29  Roach x4  
  53  4:30  Roach x2  
  65  4:51  Zerg Melee Weapons Level 1  
  65  4:54  Drone  
  65  5:03  Overlord x2  
  65  5:10  Overlord  
  65  5:12  Overlord  
  65  5:31  Drone  
  65  5:32  Drone x15  
  81  5:36  Zerg Ground Armor Level 1  
  81  5:47  Spore Crawler  
  81  5:48  Spore Crawler, Hatchery  
  81  5:49  Spore Crawler  
  77  5:50  Extractor  
  77  5:51  Extractor  
  77  5:54  Extractor  
  77  5:56  Extractor, Drone x3  
  76  5:57  Drone x3  
  76  5:58  Extractor, Drone  
  76  5:59  Drone  
  76  6:02  Drone  
  76  6:03  Drone x3  
  84  6:08  Drone  
  84  6:10  Drone  
  84  6:11  Drone  
  87  6:12  Drone x3  
  90  6:18  Lair  
  90  6:26  Zergling x2  
  90  6:27  Zergling x4  
  91  6:41  Zergling x12  
  91  6:43  Zergling x2  
  91  6:44  Overlord x2  
  74  7:03  Zergling x18  
  74  7:04  Queen x2  
  87  7:20  Zerg Melee Weapons Level 2  
  87  7:21  Glial Reconstitution  
  87  7:34  Zerg Ground Armor Level 2  
  87  7:38  Infestation Pit  
  87  7:39  Spire  
  87  7:42  Baneling Nest  
  84  8:00  Drone x2  
  84  8:01  Drone x3  
  89  8:18  Hatchery  
  83  8:23  Swarm Host  
  83  8:24  Swarm Host x12  
  83  8:25  Swarm Host  
  114  8:29  Hatchery  
  113  8:38  Hatchery  
  113  8:41  Overlord x4  
  112  9:03  Zergling x2  
  112  9:04  Zergling x16  
  119  9:19  Swarm Host  
  119  9:20  Swarm Host x5  
  119  9:23  Overlord x3  
  137  9:31  Queen  
  139  9:43  Zerg Missile Weapons Level 1  
  133  9:52  Extractor  
  125  9:53  Extractor  
  125  9:57  Swarm Host  
  125  9:58  Swarm Host x12  
  155  10:05  Queen  
  155  10:06  Queen  
  158  10:09  Drone x5  
  158  10:13  Drone x2  
  158  10:14  Drone x4  
  166  10:18  Hive  
  169  10:40  Mutalisk x5  
  179  10:45  Overlord x4  
  179  10:48  Extractor  
  178  10:50  Extractor  
  177  11:08  Mutalisk x3  
  177  11:09  Mutalisk x4  
  161  11:58  Queen  
  153  12:24  Drone x3  
  156  12:34  Hatchery  
  155  12:46  Zerg Flyer Weapons Level 1  
  155  12:56  Swarm Host x3  
  155  12:57  Swarm Host x12  
  194  13:41  Swarm Host  
  194  13:42  Swarm Host  
  190  14:22  Queen  
  192  14:33  Swarm Host  
  192  14:34  Swarm Host  
  198  14:43  Adrenal Glands  
  198  14:45  Zerg Missile Weapons Level 2  
  198  14:46  Zerg Ground Armor Level 3  
  198  14:49  Greater Spire  
  198  14:50  Ultralisk Cavern, Centrifical Hooks  
  192  15:20  Swarm Host x4  
  194  15:28  Swarm Host  
  194  15:29  Swarm Host  
  200  15:38  Chitinous Plating  
  189  16:41  Swarm Host  
  189  16:51  Burrow  
  175  17:27  Spine Crawler  
  175  17:29  Spine Crawler x2  
  172  17:32  Spine Crawler  
  172  17:33  Ultralisk  
  172  17:34  Spine Crawler, Ultralisk x2  
  186  17:37  Overseer  
  186  17:38  Overlord x2  
  186  17:39  Overlord  
  181  17:56  Overlord x3  
  180  17:59  Ultralisk x3  
  180  18:03  Zergling x4  
  200  18:08  Zerg Melee Weapons Level 3  
  200  18:09  Zerg Missile Weapons Level 3  
  197  18:27  Pneumatized Carapace  
  197  18:30  Drone x3  
  200  18:38  Overlord  
  200  18:39  Overlord  
  199  19:50  Hatchery  
  176  20:12  Swarm Host  
  176  20:13  Swarm Host x15  
  185  21:23  Mutalisk  
  185  21:24  Mutalisk  
  186  22:49  Hatchery  
  169  24:11  Drone  
  169  24:12  Drone x6  
  174  24:44  Zergling x8  
  174  24:45  Zergling x2  
  174  25:24  Spore Crawler  
  156  26:06  Drone x3  
  150  26:40  Drone x3  
  149  26:52  Mutalisk  
  115  27:46  Mutalisk  
Show
View Real Time Build Order
Export as new Build Order

Newsh Terran 

Build Orders: Mech 

Get SALT Encoding   

  12  0:00  SCV  
  13  0:12  SCV  
  14  0:17  Supply Depot  
  14  0:24  SCV  
  15  0:39  SCV  
  15  0:40  Barracks  
  16  0:50  Refinery  
  16  0:51  SCV  
  17  1:03  SCV  
  18  1:15  SCV  
  19  1:27  Refinery  
  19  1:29  Supply Depot  
  19  1:32  Orbital Command  
  19  1:36  Reaper  
  20  2:00  SCV  
  21  2:02  Factory  
  21  2:09  Command Center  
  21  2:15  Barracks Reactor  
  21  2:17  SCV  
  22  2:29  SCV  
  23  2:41  SCV  
  24  2:55  Armory  
  24  2:59  Factory, Hellion x2  
  24  3:02  Barracks Reactor  
  24  3:04  Supply Depot  
  28  3:08  SCV  
  29  3:20  SCV  
  34  3:27  Hellion x2  
  34  3:30  Orbital Command  
  34  3:41  Supply Depot  
  34  3:55  SCV x2  
  35  3:57  Cyclone  
  35  3:58  Cyclone  
  42  4:04  Cyclone  
  42  4:07  SCV  
  42  4:08  SCV  
  47  4:13  Cyclone  
  50  4:21  SCV x2  
  52  4:31  Cyclone  
  52  4:33  SCV x2  
  52  4:35  Refinery x2  
  57  4:40  Supply Depot  
  57  4:41  Supply Depot  
  57  4:45  SCV  
  57  4:46  SCV  
  57  4:48  Cyclone  
  62  5:01  SCV x2  
  62  5:05  Supply Depot  
  64  5:08  Supply Depot  
  64  5:12  Cyclone  
  64  5:13  SCV x2  
  69  5:22  Cyclone  
  69  5:26  SCV x2  
  69  5:27  Cyclone  
  77  5:38  SCV x2  
  79  5:43  Command Center  
  79  5:44  Engineering Bay  
  79  5:52  Terran Vehicle Weapons Level 1  
  79  5:55  SCV x2  
  81  6:10  Factory  
  81  6:14  Factory  
  81  6:15  SCV x2  
  83  6:18  Factory  
  82  6:31  SCV x2  
  84  6:34  Supply Depot x2  
  73  6:55  Cyclone x4  
  73  6:56  SCV  
  73  6:57  SCV  
  87  7:12  Command Center  
  87  7:14  Command Center  
  87  7:17  Factory Tech Lab x3  
  87  7:26  Planetary Fortress  
  87  7:28  SCV x2  
  89  7:40  SCV x2  
  91  7:52  Refinery x2, SCV x2, Siege Tank x3  
  102  8:00  Terran Vehicle Weapons Level 2  
  102  8:08  SCV  
  102  8:09  SCV x2  
  104  8:28  Command Center  
  104  8:29  Orbital Command x2  
  104  8:35  Siege Tank x3  
  113  8:43  Missile Turret x2  
  113  8:45  Sensor Tower  
  113  8:50  Missile Turret  
  113  8:51  Missile Turret  
  113  8:52  Missile Turret  
  113  9:02  SCV x3  
  116  9:03  SCV x2  
  109  9:28  Siege Tank x3  
  109  9:30  Cyclone x4  
  118  10:04  Siege Tank x3  
  118  10:06  Infernal Pre-Igniter, Hellion x4  
  132  10:12  Smart Servos  
  132  10:30  Terran Vehicle Weapons Level 3  
  132  10:32  Command Center x2  
  132  10:37  Hellion x4  
  132  10:40  Hellion x3  
  146  10:58  Hellion x2  
  146  10:59  Hellion x2  
  147  11:39  Thor x2  
  159  11:40  Hellion x3  
  159  11:42  Hellion  
  159  11:43  Thor  
  131  12:21  Thor  
  131  12:22  Thor  
  141  12:26  Thor  
  147  12:33  Hellion x2  
  147  12:34  Hellion x2  
  155  12:45  Planetary Fortress  
  155  13:19  Thor x3  
  157  13:20  Hellion x2  
  157  13:21  Hellion x2  
  155  13:53  Missile Turret x2, SCV x5  
  155  13:54  Missile Turret, SCV  
  161  13:56  Refinery x2  
  161  14:01  Refinery  
  161  14:02  Missile Turret x2, Refinery  
  161  14:06  Missile Turret  
  161  14:13  Missile Turret  
  161  14:24  Siege Tank x3  
  152  14:25  Hellion  
  152  14:26  Hellion x3  
  166  14:32  SCV x6  
  172  14:43  Terran Vehicle And Ship Armor Level 1  
  172  14:46  Hellion x15  
  172  14:58  Siege Tank x3  
  172  14:59  Hellion x4  
  140  15:26  Hellion x2  
  138  15:30  Siege Tank x3  
  138  15:33  Hellion x2  
  151  15:38  Planetary Fortress  
  151  15:48  Command Center  
  151  15:56  Hellion x4  
  88  16:44  Thor x2  
  88  16:45  Thor  
  88  16:46  Hellion x4  
  114  16:50  Factory  
  114  16:51  Factory  
  114  16:53  Factory  
  102  17:32  Siege Tank, Hellion x4  
  102  17:33  Siege Tank x2  
  102  17:34  Hellion x4  
  108  17:39  Factory Tech Lab x3  
  108  17:40  Terran Vehicle And Ship Armor Level 2  
  108  18:00  Siege Tank x3  
  108  18:05  Siege Tank x3  
  134  18:09  Cyclone x3  
  134  18:11  Cyclone  
  134  18:19  SCV x3  
  134  18:20  SCV x2  
  117  18:41  Cyclone x3, Missile Turret  
  117  18:43  Cyclone, Missile Turret x2  
  117  18:44  Missile Turret  
  117  18:48  Orbital Command  
  129  18:56  Cyclone x5  
  129  18:57  Cyclone  
  147  19:22  Orbital Command  
  147  19:50  Cyclone x3  
  147  19:51  Cyclone  
  80  20:17  Cyclone x3  
  86  21:02  Refinery  
  86  21:03  Refinery  
  57  21:39  Command Center  
  57  21:44  Thor x3  
  57  21:45  Thor  
  81  21:47  Command Center  
  68  22:30  SCV x2  
  70  23:02  Starport  
  70  23:05  Starport  
  58  23:43  Banshee x2  
  58  24:00  Orbital Command  
  58  24:01  SCV  
  58  24:02  SCV  
  61  24:05  Orbital Command  
  60  24:13  SCV  
  61  24:26  Banshee x2  
  62  24:44  Fusion Core  
  61  24:51  Orbital Command  
  60  26:16  Refinery  
  60  26:17  Refinery  
  39  26:41  SCV  
  40  26:49  Cyclone x2  
  40  26:50  Cyclone  
  52  26:56  Starport  
  27  27:43  SCV  
  28  27:49  Starport  
  21  28:18  Engineering Bay  
  21  28:22  Orbital Command  
Tags
 
Composition
MechSwarm Host
Matchup
TvZ
Spawn Locations
Cross Positions
Add a new tag
Caveats
  • Supply blocks, unpowered buildings, or Contaminate may cause inaccurate times.
  • Supply counts are checked every 10 seconds.